AoeStats
← DJ Blyatman!

Arabia

506801988Analyzed
2v2 RM · 18d ago on Sep 15, 2026· 28m 54s· 4 players
Game mode
Random Map
Map size
Medium (4 player)
Population
200
Speed
Normal
Resources
Standard
Victory
Conquest
Starting age
Dark Age
Ending age
Imperial Age
RankedLock teamsTeams togetherTeam positionsShared explorationLock speedFull tech treeHidden civsTurbo modeCheats
Victory
Defeat
🇩🇪 Slavs · Germany
1266
+11
🇨🇳 Ethiopians · China
1209
+13
🇭🇰 Portuguese · Hong Kong SAR China
1139
-12
🇮🇳 Romans · India
1139
-12
FunMeh
7:23 Loom
9:43 Feudal Age
14:41 Double-Bit Axe
20:09 Castle Age
18:46 Bloodlines
18:56 Bloodlines
22:12 Scale Barding Armor
24:34 Bow Saw
28:15 Forging
DJ Blyatman!
7:01 Loom
9:53 Feudal Age
10:46 Double-Bit Axe
15:31 Fletching
19:40 Wheelbarrow
22:40 Castle Age
21:24 Scale Mail Armor
21:20 Gold Mining
21:21 Horse Collar
22:53 Padded Archer Armor
23:25 Bodkin Arrow
22:52 Crossbowman
24:18 Leather Archer Armor
26:14 Squires
特朗葡
1:17 Loom
11:32 Feudal Age
18:42 Double-Bit Axe
20:13 Horse Collar
26:06 Castle Age
24:15 Fletching
26:15 Gold Mining
26:16 Stone Mining
28:29 Wheelbarrow
27:59 Bodkin Arrow
Shan6666
6:26 Loom
8:53 Feudal Age
9:05 Man-at-Arms
10:37 Scale Mail Armor
14:01 Double-Bit Axe
16:29 Fletching
19:44 Horse Collar
23:28 Castle Age
22:50 Forging
23:29 Pikeman
24:36 Chain Mail Armor
24:49 Long Swordsman
Connection lost

Rejoining the realm…

Still unreachable

The connection could not be restored.

Session expired

The server has moved on; the page needs a fresh start.